 Dungeon Crawl Stone Soup version 0.22.1-57-g7394efd (webtiles) character file.

305 smallpebble the Skirmisher (level 6, 0/56 HPs)
             Began as a Hill Orc Fighter on Mar 23, 2019.
             Was a Follower of Fedhas.
             Succumbed to an adder's poison
             ... on level 3 of the Dungeon.
             The game lasted 00:22:32 (2939 turns).

smallpebble the Skirmisher (Hill Orc Fighter)       Turns: 2939, Time: 00:22:33

Health: 0/56       AC:  3    Str: 20    XL:     6   Next: 39%
Magic:  6/6        EV:  8    Int:  8    God:    Fedhas [*.....]
Gold:   158        SH:  8    Dex: 11    Spells: 5/5 levels left

rFire    . . .     SeeInvis .   a - +0 long sword
rCold    . . .     Gourm    .   c - +0 shield
rNeg     . . .     Faith    .   m - +0 leather armour (curse)
rPois    .         Spirit   .   (no helmet)
rElec    .         Reflect  .   (no cloak)
rCorr    .         Harm     .   (no gloves)
MR       .....                  (no boots)
Stlth    ..........             (no amulet)
HPRegen  0.18/turn              i - ring of attention (curse)
MPRegen  0.10/turn              l - ring of wizardry

@: lethally poisoned (0 -> -2), heavily drained
A: no striking features
a: Fungal Bloom, Sunlight, Renounce Religion


You were on level 3 of the Dungeon.
You worshipped Fedhas.
Fedhas was aware of your devotion.
You were not hungry.

You visited 1 branch of the dungeon, and saw 3 of its levels.

You collected 158 gold pieces.

Inventory:

Hand Weapons
 a - a +0 long sword (weapon)
 w - a +0 dagger of speed
 y - a +0 club
Missiles
 g - 62 arrows
 j - 3 needles of sleeping
 n - 9 poisoned needles
Armour
 b - a +0 scale mail
 c - a +0 shield (worn)
 m - a cursed +0 leather armour (worn)
 r - a +0 leather armour
 s - a +0 scale mail
Jewellery
 h - an uncursed ring of resist corrosion
 i - a cursed ring of attention (left hand)
 k - an uncursed ring of see invisible
 l - a ring of wizardry (right hand)
Scrolls
 q - 2 scrolls of identify {unknown}
 t - a scroll of enchant weapon {unknown}
 u - a scroll of remove curse {unknown}
 x - 2 scrolls of magic mapping {unknown}
Potions
 d - a potion of might
 e - a potion of curing {unknown}
 o - a potion of degeneration {unknown}
 p - a potion of heal wounds {unknown}
 v - a potion of flight {unknown}
 z - a potion of mutation {unknown}
Comestibles
 f - 6 rations


   Skills:
 - Level 5.0(2.5) Fighting
 - Level 3.8(1.4) Long Blades
 - Level 4.7(2.2) Armour
 + Level 1.0(0.0) Dodging
 - Level 4.7(2.2) Shields


You had 5 spell levels left.
You didn't know any spells.
Your spell library was empty.

Dungeon Overview and Level Annotations

Branches:
Dungeon (3/15)

Altars:
Fedhas
Kikubaaqudgha

Annotations:
D:3 3 runed doors, AzimovGozag68's ghost, weakling HOFi


Message History

You closely miss the big kobold.
The big kobold is heavily wounded.
The big kobold hits you but does no damage.
You feel drained.
You slash the big kobold!
The big kobold is severely wounded.
The big kobold hits you with a dagger of draining.
* * * LOW HITPOINT WARNING * * *
You feel drained.
* * * LOW HITPOINT WARNING * * *
You block the big kobold's attack.
The adder hisses angrily.
The adder bites you.
* * * LOW HITPOINT WARNING * * *
You are poisoned.
The adder poisons you!
You feel sick. The adder bites you.
* * * LOW HITPOINT WARNING * * *
You die...
Fedhas appreciates your contribution to the ecosystem.

#........###.................). #
#............[................. #
#..............................
###.PP...........................
#...รท.....)..#...................
#.###........#...................
#.# #......###...................
#.############.....K.............
................@.S......).......
########.#.###...........))......
...##.. #.......K...........
......# #...)...............
..####### #...................
......... #...................
..###### #...................
#.##### #...................
...PP.#### #...................


You could see a big kobold, an adder and a kobold.

Vanquished Creatures
  A big kobold (D:3)
  A crimson imp (D:3)
  An orc priest (D:3)
  A hound (D:2)
  4 adders
  2 worms
  3 dart slugs (D:2)
  3 leopard geckos
  7 orcs (D:3)
  8 bats
  4 giant cockroaches
  4 goblins
  11 hobgoblins
  10 jackals
  2 quokkas
  A ball python (D:1)
  4 frilled lizards
  6 kobolds
  5 rats
78 creatures vanquished.

Vanquished Creatures (others)
  A fungus (D:3)
  3 plants (D:3)
  19 toadstools (D:3)
23 creatures vanquished.

Grand Total: 101 creatures vanquished

Notes
Turn   | Place    | Note
-------+----------+-------------------------------------------
     0 | D:1      | smallpebble the Hill Orc Fighter began the quest for the
                  | Orb.
     0 | D:1      | Reached XP level 1. HP: 19/19 MP: 1/1
   272 | D:1      | Reached XP level 2. HP: 27/27 MP: 2/2
   631 | D:2      | Found an ancient bone altar of Kikubaaqudgha.
   638 | D:2      | Found a blossoming altar of Fedhas.
   647 | D:2      | Became a worshipper of Fedhas Madash
   827 | D:2      | Reached XP level 3. HP: 25/33 MP: 3/3
   842 | D:2      | Reached skill level 4 in Fighting
   932 | D:2      | Reached XP level 4. HP: 10/40 MP: 4/4
  1896 | D:3      | Reached XP level 5. HP: 28/47 MP: 5/5
  1908 | D:3      | Noticed a big kobold
  1910 | D:3      | Noticed a big kobold
  2077 | D:3      | Reached * piety under Fedhas
  2144 | D:3      | Noticed a big kobold
  2146 | D:3      | Found a runed gate.
  2146 | D:3      | Found a runed gate.
  2146 | D:3      | Found a runed gate.
  2146 | D:3      | Noticed a big kobold
  2262 | D:3      | Noticed AzimovGozag68's ghost (weakling HOFi)
  2290 | D:3      | Killed a big kobold
  2290 | D:3      | Reached skill level 5 in Fighting
  2290 | D:3      | Reached XP level 6. HP: 38/56 MP: 6/6
  2848 | D:3      | Reached skill level 1 in Dodging
  2937 | D:3      | HP: 1/56 [adder (5)]
  2939 | D:3      | Succumbed to an adder's poison

Skill      XL: |  1  2  3  4  5  6 |
---------------+-------------------+-----
Fighting       | 4 5 |  5.0
Armour         | 4 |  4.7
Shields        | 4 |  4.7
Long Blades    | 3 |  3.8
Dodging        | 1 |  1.0

Action                   |  1- 3 |  4- 6 || total
-------------------------+-------+-------++-------
Melee: Long sword        |    71 |   223 ||   294
       Dagger            |       |    33 ||    33
Invok: Fungal Bloom      |     2 |    13 ||    15
  Use: Scroll            |       |     1 ||     1
  Eat: Chunk             |       |     6 ||     6
       Ration            |       |     1 ||     1
Armor: Scale mail        |    16 |       ||    16
       Leather armour    |     3 |    65 ||    68
Dodge: Dodged            |    35 |   115 ||   150
Block: Shield            |    40 |   132 ||   172
       Rpst.: Long sword |    13 |    28 ||    41
